 Dungeon Crawl Stone Soup version 0.27.1-4-g1640c2035a (webtiles) character file.

Game seed: 920404828509826939

2706 deusastra the Skirmisher (level 9, -5/59 HPs)
             Began as a Gargoyle Fighter on Nov 15, 2021.
             Was a Believer of Fedhas.
             Slain by a two-headed ogre (10 damage)
             ... on level 10 of the Dungeon.
             The game lasted 00:24:55 (7491 turns).

deusastra the Skirmisher (Gargoyle Fighter)         Turns: 7491, Time: 00:24:56

Health: -5/59      AC: 23    Str: 23    XL:     9   Next: 65%
Magic:  9/9        EV:  6    Int:  9    God:    Fedhas [**....]
Gold:   434        SH: 15    Dex:  9    Spells: 8/8 levels left

rFire    . . .     SeeInvis .   y - +2 mace (protect)
rCold    . . .     Faith    .   c - +0 kite shield
rNeg     + . .     Spirit   .   F - +0 chain mail {Will+}
rPois    ∞         Reflect  +   q - +0 helmet
rElec    +         Harm     .   x - +0 cloak
rCorr    .         Rampage  .   H - +2 pair of gloves
Will     +....                  (no boots)
Stlth    ..........             J - amulet of reflection
HPRegen  0.19/turn              (no ring)
MPRegen  0.11/turn              (no ring)

@: no status effects
A: sickness immunity, AC +6, negative energy resistance 1, electricity
resistance, torment resistance 1, petrification resistance
a: Renounce Religion, Wall of Briars


You were on level 10 of the Dungeon.
You worshipped Fedhas.
Fedhas was pleased with you.
You visited 1 branch of the dungeon, and saw 10 of its levels.

You collected 434 gold pieces.

Inventory:

Hand Weapons
 a - a +0 flail
 j - a +1 whip of venom
 y - a +2 mace of protection (weapon)
Missiles
 f - 59 poisoned darts (quivered)
Armour
 b - a +0 scale mail
 c - a +0 kite shield (worn)
 q - a +0 helmet (worn)
 x - a +0 cloak (worn)
 F - a +0 chain mail of willpower (worn)
 H - a +2 pair of gloves (worn)
 I - a +1 pair of gloves
 K - a +0 plate armour
Jewellery
 J - an amulet of reflection (around neck)
Wands
 o - a wand of iceblast (8)
 s - a wand of charming (5)
 w - a wand of paralysis (1)
 B - a wand of flame (17)
Scrolls
 e - 2 scrolls of acquirement {unknown}
 i - 8 scrolls of identify {unknown}
 k - 3 scrolls of amnesia {unknown}
 l - 2 scrolls of teleportation {unknown}
 m - 4 scrolls of noise {unknown}
 p - 2 scrolls of enchant armour {unknown}
 r - 2 scrolls of summoning {unknown}
 u - 3 scrolls of vulnerability {unknown}
 v - a scroll of immolation {unknown}
 z - 2 scrolls of fog {unknown}
 C - a scroll of fear {unknown}
 G - a scroll of magic mapping {unknown}
Potions
 g - a potion of heal wounds
 h - 2 potions of haste {unknown}
 n - 2 potions of curing {unknown}
 A - a potion of cancellation {unknown}
 D - a potion of degeneration {unknown}
 E - 2 potions of flight {unknown}


   Skills:
 * Level 7.8 Fighting
 * Level 6.8 Maces & Flails
 + Level 3.8 Throwing
 * Level 7.8 Armour
 + Level 5.8 Shields


You had 8 spell levels left.
You didn't know any spells.
Your spell library contained the following spells:

 Spells                   Type           Power      Damage    Failure   Level
 Blink                    Tloc           N/A        N/A       100%        2
 Gell's Gravitas          Tloc           0%         N/A       100%        3
 Lesser Beckoning         Tloc           0%         N/A       100%        3
 Ozocubu's Armour         Ice            0%         N/A       100%        3
 Teleport Other           Tloc           0%         N/A       100%        3
 Manifold Assault         Tloc           0%         N/A       100%        5
 Metabolic Englaciation   Hex/Ice        0%         N/A       100%        5
 Simulacrum               Ice/Necr       0%         N/A       100%        6


Dungeon Overview and Level Annotations

Branches:
Dungeon (10/15)            Temple (0/1) D:5            Lair (0/6) D:10
    Orc: D:9-12

Altars:
Cheibriados
Fedhas
Kikubaaqudgha
Okawaru
Sif Muna
Trog
Yredelemnul
Zin

Shops:
D:4 (

Annotations:
D:4 1 runed translucent door


Innate Abilities, Weirdness & Mutations

You are immune to sickness and miasma.
Your stone body is resilient. (AC +6)
You are immune to poison.
You resist negative energy. (rN+)
You are resistant to electric shocks. (rElec)
You are resistant to unholy torment.
You are immune to petrification.


Message History

The two-headed ogre shouts in stereo!
You hear a shout! x3
Found 15 gold pieces and 15 stones.
Found a staircase to the Lair.
You block the two-headed ogre's attack. x2; The komodo dragon bites the plant!
The plant begins to die.
An orc wizard comes into view. It is wielding a +1 dagger of venom.
An orc comes into view. It is wielding a +0 flail.
The komodo dragon bites the plant.
The plant begins to die.
The orc shouts!
You hear a shout! x3
An orc comes into view.
It is wielding a +2 whip of electrocution.
An orc wizard comes into view. It is wielding a +0 dagger.
The orc wizard shouts!
The orc shouts!
You hear a shout!
The orc wizard gestures wildly while chanting.
The orc wizard flickers and vanishes!
Deactivating autopickup; reactivate with Ctrl-A.
You see here 15 stones.
Found 7 gold pieces.
Found a cloak and 10 gold pieces.
You feel a little less mighty now.
The orc wizard mumbles some strange words.
The orc wizard flickers and vanishes!
The two-headed ogre hits you but does no damage. x2
You see here 7 gold pieces.
You see here a +0 cloak.
Found a long sword.
Throw: dart (curare)
Press: ? - help, Q - select action, (/) - cycle Shift-Dir - straight line, f - two-headed ogre
Aim: a two-headed ogre, wielding a +0 giant spiked club and a +0 giant club (73% to hit)
You throw a curare-tipped dart.
The curare-tipped dart barely misses the two-headed ogre.
Throw: 60 darts (poison)
Press: ? - help, Q - select action, (/) - cycle Shift-Dir - straight line, f/p - two-headed ogre
Aim: a two-headed ogre, wielding a +0 giant spiked club and a +0 giant club (74% to hit)
You throw a poisoned dart.
The poisoned dart barely misses the two-headed ogre.
The poisoned dart hits the orc!
The orc is poisoned.
The two-headed ogre hits you with a +0 giant spiked club.
* * * LOW HITPOINT WARNING * * *
The two-headed ogre hits you with a +0 giant club!
You die...
Fedhas appreciates your contribution to the ecosystem.

##..#### ###.....(##
###.$.......#
###..$[...##..##
#.##...o..##...# ##
#.#....#..###o.# .##
......##..o##..##..#
.#.....##......O...#
###..##.......#.@.##
...#.#
..#######.....#
...#.....# #.....#
...##...## ...).##
...# ##.. .....#
..... .. ......#
...... ......#
...... ........
......


You could see a two-headed ogre and 2 orcs.

Vanquished Creatures
  A troll (D:9)
  A hornet (D:5)
  Sigmund (D:4)
  4 yaks (D:5)
  A water moccasin (D:5)
  An orc warrior (D:6)
  An ice beast (D:5)
  3 ogres
  Blork the orc (D:4)
  A kobold brigand (D:7)
  A gnoll sergeant (D:9)
  3 scorpions
  A centaur zombie (D:5)
  A jelly (D:6)
  A bullfrog zombie (D:6)
  2 hounds
  A gnoll shaman (D:5)
  An orc priest (D:5)
  Crazy Yiuf (D:3)
  Jessica (D:2)
  A centaur skeleton (D:7)
  2 iguanas (D:5)
  An orc wizard (D:5)
  2 hound skeletons (D:5)
  A howler monkey zombie (D:5)
  10 gnolls
  4 adders
  3 white imps
  An ufetubus (D:5)
  2 worms (D:2)
  A dart slug (D:1)
  20 orcs
  4 ball pythons
  7 endoplasms
  2 giant cockroaches (D:1)
  6 goblins
  3 hobgoblins
  5 jackals
  10 kobolds
  2 quokkas
  5 bats
  2 frilled lizards
  7 rats
129 creatures vanquished.

Vanquished Creatures (others)
  8 fungi (D:5)
  4 plants (D:10)
  5 toadstools (D:5)
17 creatures vanquished.

Grand Total: 146 creatures vanquished

Notes
Turn   | Place    | Note
-------+----------+-------------------------------------------
     0 | D:1      | deusastra the Gargoyle Fighter began the quest for the Orb.
     0 | D:1      | Reached XP level 1. HP: 14/14 MP: 1/1
   130 | D:1      | Reached XP level 2. HP: 19/19 MP: 2/2
   321 | D:1      | Found a faded altar of an unknown god.
   333 | D:1      | Reached XP level 3. HP: 20/23 MP: 3/3
  1169 | D:2      | Noticed Jessica
  1198 | D:2      | Killed Jessica
  1199 | D:2      | Reached XP level 4. HP: 24/29 MP: 4/4
  2455 | D:3      | Reached skill level 1 in Throwing
  3019 | D:3      | Reached XP level 5. HP: 33/33 MP: 5/5
  3029 | D:3      | Noticed an ice beast
  3160 | D:3      | Found a runed translucent door.
  3163 | D:3      | Noticed Crazy Yiuf
  3180 | D:3      | Killed Crazy Yiuf
  3590 | D:4      | Found an ancient bone altar of Kikubaaqudgha.
  3592 | D:4      | Found a blossoming altar of Fedhas.
  3707 | D:4      | Found Yneedghewn's Weapon Emporium.
  3756 | D:4      | Found a shimmering blue altar of Sif Muna.
  3790 | D:4      | Noticed Blork the orc
  3790 | D:4      | Noticed Sigmund
  3800 | D:4      | Killed Blork the orc
  3801 | D:4      | Reached XP level 6. HP: 32/39 MP: 6/6
  3806 | D:4      | Killed Sigmund
  3807 | D:4      | Reached skill level 5 in Fighting
  3807 | D:4      | Reached skill level 5 in Armour
  3807 | D:4      | Reached XP level 7. HP: 31/44 MP: 7/7
  4142 | D:4      | Found a runed translucent door.
  4142 | D:4      | Noticed a human
  4146 | D:4      | Found a basalt altar of Yredelemnul.
  4365 | D:4      | Became a worshipper of Fedhas Madash
  4397 | D:5      | Entered Level 5 of the Dungeon
  4597 | D:5      | Found a glowing silver altar of Zin.
  4597 | D:5      | Found a snail-covered altar of Cheibriados.
  5271 | D:5      | Noticed a hornet
  5277 | D:5      | Killed a hornet
  5278 | D:5      | Reached skill level 5 in Maces & Flails
  5278 | D:5      | Reached XP level 8. HP: 32/51 MP: 8/8
  5280 | D:5      | Reached * piety under Fedhas
  5512 | D:5      | Found a bloodstained altar of Trog.
  5559 | D:5      | Found a staircase to the Ecumenical Temple.
  5887 | D:5      | You fall into a shaft and drop 3 floors!
  5897 | D:7      | Reached skill level 5 in Shields
  6501 | D:5      | Found an iron altar of Okawaru.
  6589 | D:5      | Reached XP level 9. HP: 56/56 MP: 9/9
  7124 | D:5      | Reached ** piety under Fedhas
  7370 | D:6      | You fall into a shaft and drop 3 floors!
  7395 | D:9      | Noticed a troll
  7435 | D:9      | Killed a troll
  7452 | D:9      | HP: 1/59 [something] (7)]
  7457 | D:10     | Entered Level 10 of the Dungeon
  7457 | D:10     | Noticed a two-headed ogre
  7457 | D:10     | Found a staircase to the Lair.
  7459 | D:10     | Noticed a komodo dragon
  7491 | D:10     | Slain by a two-headed ogre

Illustrated notes

Levels and vault maps discovered:
D:1:      dpeg_arrival_rhombi, layout_basic,
          shapermc_ecumenical_altar_notcrosses
D:2:      layout_basic, uniq_jessica
D:3:      layout_loops_ring, hex_medium, minmay_misc_feat_more_columns,
          uniq_crazy_yiuf_cottage
D:4:      layout_gridville, grunt_temple_overflow_growth_and_decay,
          dk_yredelemnul_ordeal, nicolae_sif_muna_condensation, serial_shops,
          shop, uniq_sigmund, uniq_blork_the_orc
D:5:      minmay_bubble_buster, layout_cave_pods, okawaru_metal_pillars_1_2,
          mainiacjoe_overflow_divided_tiny, old_standard_altar,
          minmay_temple_entry_mist, minmay_gold_behind_fungi
D:6:      cheibrodos_thug_alley, layout_loops_ring,
          grunt_temple_overflow_opulence, ebering_ghost_disaster_area,
          minivault_27, minmay_circle_x
D:7:      layout_gridville, lightli_temple_of_fire
D:8:      layout_basic, overflow_temple_1_default, dk_noncrumbling_2, uniq_erica
D:9:      layout_basic, lemuel_another_geyser
D:10:     gammafunk_mikee_crab_dinner, layout_cave_pools,
          mainiacjoe_overflow_chevrons, david_lair_shrubbed, orc_0_dummy

Skill      XL: |  1  2  3  4  5  6  7  8  9 |
---------------+----------------------------+-----
Fighting       | 4 5 6 7 |  7.8
Maces & Flails | 3 4 5 6 |  6.8
Throwing       | 1 2 3 |  3.8
Armour         | 4 5 6 7 |  7.8
Shields        | 4 5 |  5.8

Action                   |  1- 3 |  4- 6 |  7- 9 || total
-------------------------+-------+-------+-------++-------
Melee: Flail             |    53 |       |       ||    53
       Whip              |    28 |    89 |       ||   117
       Mace              |       |    38 |   325 ||   363
Throw: Dart              |       |     2 |    19 ||    21
Evoke: Wand              |       |       |     1 ||     1
  Use: Potion            |       |       |     1 ||     1
Armor: Scale mail        |    28 |    57 |     6 ||    91
       Chain mail        |       |       |   270 ||   270
Dodge: Dodged            |    20 |    25 |    88 ||   133
Block: Kite shield       |    41 |    50 |   290 ||   381
       Reflection        |       |       |     3 ||     3
